 Dungeon Crawl Stone Soup version 0.31-a0-848-gaac375c287 (webtiles) character file.

Game seed: 8637992863236834955

13169 croobank the Grappler (level 12, -9/91 HPs)
             Began as a Gnoll Shapeshifter on Oct 5, 2023.
             Was an Initiate of Gozag.
             Mangled by a basilisk (13 damage)
             ... on level 1 of the Lair of Beasts.
             The game lasted 00:43:38 (10312 turns).

croobank the Grappler (Gnoll Shapeshifter)         Turns: 10312, Time: 00:43:39

Health: -9/91      AC:  4    Str: 14    XL:     12   Next: 3%
Magic:  22/22      EV: 15    Int: 15    God:    Gozag
Gold:   277        SH:  0    Dex: 11    Spells: 22/25 levels left

rFire   . . .        y - melded +2 dagger (elec)
rCold   . . .        (shield currently unavailable)
rNeg    . . .        m - +2 robe {Will+}
rPois   +            (no helmet)
rElec   .            (no cloak)
rCorr   +            (no gloves)
SInv    .            (no boots)
Will    +....        E - amulet of regeneration
Stlth   ++           e - ring of poison resistance
HPRegen 1.15/turn    x - ring of resist corrosion
MPRegen 0.18/turn

%: no passive effects
@: flux-form, glowing
A: glow, contaminating, fangs 1, strong nose, distributed training
a: Begin Untransformation, Renounce Religion, Potion Petition, Call Merchant,
Bribe Branch


You were on level 1 of the Lair of Beasts.
You worshipped Gozag.
Gozag was aware of your devotion.
You were something dangerously unstable.
You visited 3 branches of the dungeon, and saw 11 of its levels.

You collected 1276 gold pieces.
You spent 143 gold pieces at shops.
You paid 856 gold pieces to Gozag.

Inventory:

Hand Weapons
 g - a +1 short sword
 k - a +0 dagger of speed
 y - a +2 dagger of electrocution (melded)
 F - a +1 dagger of draining
 H - a +0 dagger of venom
 J - a +0 dagger of flaming
 K - a +0 scimitar
 L - a +0 orcbow
 P - a +2 spectral quarterstaff
 S - a +1 scimitar of flaming
 T - a +3 orcbow
Missiles
 p - 41 poisoned darts (quivered)
 Q - 3 curare-tipped darts
Armour
 f - a +1 pair of boots
 m - a +2 robe of willpower (worn)
 t - a scarf of shadows
 C - a +0 pair of gloves
 M - +0 steam dragon scales
 R - a +0 helmet
Magical Staves
 l - a staff of air
Jewellery
 e - a ring of poison resistance (left hand)
 u - a ring of see invisible
 x - a ring of resist corrosion (right hand)
 z - a ring of wizardry
 E - an amulet of regeneration (around neck)
 U - a ring of magical power
Talismans
 c - a beast talisman
 d - a flux talisman (active)
 o - a serpent talisman
Wands
 b - a wand of flame (16)
 v - a wand of mindburst (6)
Scrolls
 h - a scroll of fear
 i - a scroll of amnesia
 q - a scroll of fog
 r - 2 scrolls of vulnerability
 s - 3 scrolls of teleportation
 w - a scroll of silence
 A - a scroll of identify
 G - 2 scrolls of enchant weapon
Potions
 a - 5 potions of curing
 j - 4 potions of mutation
 B - 2 potions of degeneration
 O - 2 potions of brilliance


   Skills:
 + Level 7.5 Fighting
 + Level 7.0 Short Blades
 + Level 7.0 Long Blades
 + Level 7.0 Axes
 + Level 7.0 Maces & Flails
 + Level 7.0 Polearms
 + Level 7.0 Staves
 + Level 7.0 Ranged Weapons
 + Level 7.0 Throwing
 + Level 7.0 Armour
 + Level 8.4 Dodging
 + Level 7.0 Stealth
 + Level 7.0 Shields
 + Level 9.6 Unarmed Combat
 + Level 7.0 Spellcasting
 + Level 5.8 Conjurations
 + Level 5.8 Hexes
 + Level 5.8 Summonings
 + Level 5.8 Necromancy
 + Level 5.8 Translocations
 + Level 5.8 Transmutations
 + Level 5.8 Fire Magic
 + Level 5.8 Ice Magic
 + Level 5.8 Air Magic
 + Level 5.8 Earth Magic
 + Level 5.8 Poison Magic
 + Level 7.6 Invocations
 + Level 7.0 Evocations
 + Level 9.2 Shapeshifting


You had 22 spell levels left.
You knew the following spells:

 Your Spells              Type           Power      Damage    Failure   Level
a - Mephitic Cloud        Conj/Pois/Air  22%        N/A       3%          3

Your spell library contained the following spells:

 Spells                   Type           Power      Damage    Failure   Level
 Poisonous Vapours        Pois/Air       44%        N/A       1%          2
 Freezing Cloud           Conj/Ice/Air   11%        6-21      34%         5
 Conjure Ball Lightning   Conj/Air       11%        3x3d6     88%         6
 Discord                  Hex            11%        N/A       100%        8
 Disjunction              Tloc           11%        N/A       100%        8


Dungeon Overview and Level Annotations

Branches:
Dungeon (9/15)             Temple (1/1) D:4            Lair (1/5) D:9
    Orc: D:9-12

Altars:
Ashenzari
Cheibriados
Dithmenos
Elyvilon
Fedhas
Gozag
Hepliaklqana
Kikubaaqudgha
Makhleb
Nemelex Xobeh
Okawaru
Qazlal
Ru
Sif Muna
Trog
Uskayaw
Vehumet
Wu Jian
Xom
Yredelemnul
Zin
The Shining One
Jiyva

Shops:
D:1 ?   D:4 [(=:   D:6 :

Annotations:
D:9 3 runed translucent doors, GreenGuy14's ghost, novice DrMo


Innate Abilities, Weirdness & Mutations

You are something dangerously unstable.
You glow with magical radiation, making you easy to see and hit.
Foes you strike become dangerously contaminated with magical radiation.
You are incapable of wielding weapons or throwing items.
You have very sharp teeth.
Your uncanny sense of smell can sniff out nearby items.
Your experience applies equally to all skills.


Message History

The wolf is heavily wounded.
The wolf bites you! The wolf completely misses you.
The wolf closely misses you. The wolf bites you!
* * * LOW HITPOINT WARNING * * *
You hit the wolf.
The wolf shudders as magic cascades through it!
You kill the wolf!
The wolf is no longer distracted by gold.
The wolf bites you.
* * * LOW HITPOINT WARNING * * *
The wolf bites you but does no damage. The wolf bites you!
* * * LOW HITPOINT WARNING * * *
You are confused.
You feel invigorated. The wolf bites you.
* * * LOW HITPOINT WARNING * * *
The wolf bites you.
* * * LOW HITPOINT WARNING * * *
The wolf barely misses you.
You hit the wolf.
The wolf glows dangerously bright.
The wolf is heavily wounded.
The wolf closely misses you. x2; The wolf bites you!
* * * LOW HITPOINT WARNING * * *
You hit the wolf.
The wolf begins to glow.
You bite the wolf, but do no damage.
The wolf is lightly wounded.
The wolf bites you.
* * * LOW HITPOINT WARNING * * *
The wolf bites you.
* * * LOW HITPOINT WARNING * * *
The wolf misses you.
You are too confused!
You feel better.
You feel less invigorated. The wolf bites you.
* * * LOW HITPOINT WARNING * * *
The wolf completely misses you. The wolf bites you but does no damage.
You feel better. The wolf bites you!
* * * LOW HITPOINT WARNING * * *
The wolf barely misses you. The wolf misses you. The wolf bites you!
* * * LOW HITPOINT WARNING * * *
The basilisk bites you!
You die...
Your body crumbles into a pile of gold.

...h. .......
........# ......h.h#
..........##### #.
...........##p###...P
#............lhh......
..#...................
.....................
#...............#.##
#.#........###....# #
....................
#......<............>
#.#..................


You could see a basilisk and 2 wolves.

Vanquished Creatures
  Erolcha (D:9)
  A two-headed ogre (D:6)
  A catoblepas (D:8)
  A centaur warrior (D:8)
  An ugly thing (D:9)
  A cyclops (D:8)
  An elephant (D:9)
  An efreet (D:8)
  2 polar bears
  3 trolls
  A hornet (D:9)
  Sigmund (D:6)
  A wraith (D:9)
  5 wyverns
  6 yaks
  2 basilisks (D:8)
  Grum (D:8)
  Eustachio (D:5)
  A golden eye (shapeshifter) (D:9)
  An unseen horror simulacrum (D:8)
  2 steam dragons (D:7)
  A vampire mosquito (D:8)
  An acid dragon (D:8)
  5 water moccasins
  2 orc warriors
  3 sky beasts
  5 black bears
  2 ice beasts
  8 wolves
  An ogre (D:7)
  5 centaurs
  A phantom (D:5)
  7 kobold brigands
  A bullfrog (D:7)
  2 scorpions
  3 wights (D:7)
  A hornet simulacrum (D:8)
  6 killer bees
  3 howler monkeys
  An electric eel (D:8)
  A jelly (D:8)
  4 orc priests
  5 hounds
  2 gnoll boudas
  Jessica (D:2)
  3 iguanas
  8 orc wizards
  4 adders
  7 gnolls
  A shadow imp (D:8)
  A howler monkey simulacrum (D:8)
  2 white imps
  3 worms
  4 dart slugs
  31 orcs
  7 bats
  2 endoplasms
  4 giant cockroaches
  6 goblins
  8 hobgoblins
  5 jackals
  2 quokkas
  5 ball pythons
  7 frilled lizards
  31 kobolds
  7 rats
254 creatures vanquished.

Notes
Turn   | Place    | Note
-------+----------+-------------------------------------------
     0 | D:1      | croobank the Gnoll Shapeshifter began the quest for the
                  | Orb.
     0 | D:1      | Reached XP level 1. HP: 17/17 MP: 1/1
   125 | D:1      | Reached XP level 2. HP: 20/23 MP: 2/2
   785 | D:1      | Found Ysiam's Magic Scroll Emporium.
   807 | D:1      | Bought a scroll of identify for 22 gold pieces
   845 | D:1      | Reached XP level 3. HP: 28/28 MP: 3/3
  1300 | D:2      | Reached skill level 1 in Invocations
  1309 | D:2      | Reached skill level 1 in Short Blades
  1309 | D:2      | Reached skill level 1 in Long Blades
  1309 | D:2      | Reached skill level 1 in Axes
  1309 | D:2      | Reached skill level 1 in Maces & Flails
  1309 | D:2      | Reached skill level 1 in Polearms
  1309 | D:2      | Reached skill level 1 in Staves
  1309 | D:2      | Reached skill level 1 in Ranged Weapons
  1309 | D:2      | Reached skill level 1 in Throwing
  1309 | D:2      | Reached skill level 1 in Armour
  1309 | D:2      | Reached skill level 1 in Stealth
  1309 | D:2      | Reached skill level 1 in Shields
  1309 | D:2      | Reached skill level 1 in Spellcasting
  1309 | D:2      | Reached skill level 1 in Evocations
  1432 | D:2      | Reached XP level 4. HP: 34/34 MP: 5/5
  1772 | D:2      | Noticed Jessica
  1776 | D:2      | Killed Jessica
  1777 | D:2      | Reached skill level 1 in Conjurations
  1777 | D:2      | Reached skill level 1 in Hexes
  1777 | D:2      | Reached skill level 1 in Summonings
  1777 | D:2      | Reached skill level 1 in Necromancy
  1777 | D:2      | Reached skill level 1 in Translocations
  1777 | D:2      | Reached skill level 1 in Transmutations
  1777 | D:2      | Reached skill level 1 in Fire Magic
  1777 | D:2      | Reached skill level 1 in Ice Magic
  1777 | D:2      | Reached skill level 1 in Air Magic
  1777 | D:2      | Reached skill level 1 in Earth Magic
  1777 | D:2      | Reached skill level 1 in Poison Magic
  2266 | D:3      | Reached XP level 5. HP: 20/40 MP: 6/6
  2786 | D:4      | Noticed a black bear
  2833 | D:3      | Killed a black bear
  2834 | D:3      | Reached XP level 6. HP: 22/47 MP: 4/8
  3081 | D:1      | Bought a scroll of vulnerability for 44 gold pieces
  3081 | D:1      | Bought a scroll of teleportation for 33 gold pieces
  3081 | D:1      | Bought a scroll of identify for 22 gold pieces
  3081 | D:1      | Bought a scroll of identify for 22 gold pieces
  3203 | D:4      | Found a staircase to the Ecumenical Temple.
  3212 | Temple   | Entered the Ecumenical Temple
  3331 | D:4      | Found Disch's Book Emporium.
  3343 | D:4      | Found Tecutado's Jewellery Shoppe.
  3352 | D:4      | Found Mexzasei's Weapon Emporium.
  3374 | D:4      | Reached skill level 5 in Dodging
  3375 | D:4      | Found Zeluk's Antique Armour Boutique.
  3695 | D:5      | Entered Level 5 of the Dungeon
  3857 | D:5      | Reached XP level 7. HP: 22/52 MP: 7/10
  4722 | D:6      | Noticed a two-headed ogre
  4737 | D:6      | Killed a two-headed ogre
  4738 | D:6      | Reached XP level 8. HP: 52/61 MP: 9/13
  4837 | D:6      | Noticed Eustachio
  4845 | D:6      | Noticed Sigmund
  4896 | D:5      | Killed Eustachio
  4953 | D:6      | Killed Sigmund
  4954 | D:6      | Reached XP level 9. HP: 66/66 MP: 14/14
  4975 | D:6      | Found Kuphuaj's Book Emporium.
  5463 | D:7      | Reached skill level 5 in Fighting
  5965 | D:7      | Reached skill level 5 in Invocations
  6037 | D:7      | Found a shadowy altar of Dithmenos.
  6038 | D:7      | Found a hazy altar of Hepliaklqana.
  6092 | D:7      | Found an ancient bone altar of Kikubaaqudgha.
  6555 | D:7      | Found a shimmering blue altar of Sif Muna.
  6638 | D:8      | Reached XP level 10. HP: 40/75 MP: 11/17
  6699 | D:7      | Reached skill level 5 in Short Blades
  6699 | D:7      | Reached skill level 5 in Long Blades
  6699 | D:7      | Reached skill level 5 in Axes
  6699 | D:7      | Reached skill level 5 in Maces & Flails
  6699 | D:7      | Reached skill level 5 in Polearms
  6699 | D:7      | Reached skill level 5 in Staves
  6699 | D:7      | Reached skill level 5 in Ranged Weapons
  6699 | D:7      | Reached skill level 5 in Throwing
  6699 | D:7      | Reached skill level 5 in Armour
  6699 | D:7      | Reached skill level 5 in Stealth
  6699 | D:7      | Reached skill level 5 in Shields
  6699 | D:7      | Reached skill level 5 in Spellcasting
  6699 | D:7      | Reached skill level 5 in Evocations
  6781 | D:8      | Noticed a centaur warrior
  6782 | D:8      | Noticed a catoblepas
  6811 | D:8      | Killed a centaur warrior
  7317 | D:8      | Noticed a cyclops
  7344 | D:8      | Killed a cyclops
  8016 | Temple   | Became a worshipper of Gozag Ym Sagoz the Greedy
  8146 | D:8      | Noticed Grum
  8157 | D:8      | Reached XP level 11. HP: 62/83 MP: 19/19
  8172 | D:8      | Killed Grum
  8173 | D:8      | Reached skill level 5 in Conjurations
  8173 | D:8      | Reached skill level 5 in Hexes
  8173 | D:8      | Reached skill level 5 in Summonings
  8173 | D:8      | Reached skill level 5 in Necromancy
  8173 | D:8      | Reached skill level 5 in Translocations
  8173 | D:8      | Reached skill level 5 in Transmutations
  8173 | D:8      | Reached skill level 5 in Fire Magic
  8173 | D:8      | Reached skill level 5 in Ice Magic
  8173 | D:8      | Reached skill level 5 in Air Magic
  8173 | D:8      | Reached skill level 5 in Earth Magic
  8173 | D:8      | Reached skill level 5 in Poison Magic
  8251 | D:8      | Killed a catoblepas
  9130 | D:9      | Found a staircase to the Lair.
  9325 | D:9      | Found a runed translucent gate.
  9325 | D:9      | Found a runed translucent gate.
  9325 | D:9      | Found a runed translucent gate.
  9328 | D:9      | Noticed GreenGuy14's ghost (novice DrMo)
  9352 | D:9      | Learned a level 3 spell: Mephitic Cloud
  9632 | D:9      | Found a shimmering altar of Xom.
  9632 | D:9      | Noticed a salamander
  9632 | D:9      | Noticed a red ugly thing
  9634 | D:9      | Noticed Erolcha
  9675 | D:9      | Killed a purple ugly thing
  9792 | D:9      | Killed Erolcha
  9859 | D:9      | Noticed a sea snake
  9863 | D:9      | a sea snake changed into a torpor snail
 10239 | D:9      | Found a viscous altar of Jiyva.
 10279 | Lair:1   | Entered Level 1 of the Lair of Beasts
 10294 | Lair:1   | Reached XP level 12. HP: 73/91 MP: 22/22
 10312 | Lair:1   | HP: 4/91 [wolf (8)]
 10312 | Lair:1   | Mangled by a basilisk

Illustrated notes

Levels and vault maps discovered:
D:1:      minmay_arrival_radiant_lines, layout_loops_corners, serial_shops,
          nicolae_shop_hallway_stairs, kennysheep_small_spiral
D:2:      layout_basic, st_stairs_1, minmay_circled_x, uniq_jessica
D:3:      layout_basic, serial_bayou_pond_d
D:4:      layout_gridville, minmay_temple_entry_grid, serial_shops, shop,
          kennysheep_mini_moat, shop, nicolae_shop_rolling_square,
          minmay_ruptured
D:5:      layout_loops_ring
D:6:      layout_rooms, serial_shops, kennysheep_little_box, uniq_sigmund,
          uniq_eustachio
D:7:      layout_loops_corners, nicolae_overflow_hidden_temple,
          nicolae_eternal_life
D:8:      minmay_the_grid_plus [minmay_the_grid_spikes, minmay_the_grid_x,
          minmay_the_grid_dragon_a, minmay_the_grid_embedded,
          minmay_the_grid_prize_big_room], layout_loops_cross, serial_ice,
          serial_ice_b, serial_ice_a, serial_ice_l, serial_ice_o, serial_ice_c,
          uniq_grum
D:9:      layout_roguey, david_lair_generic, gammafunk_ghost_ooze,
          minmay_ruined_shrine, uniq_erolcha
Temple:   nicolae_temple_two_arcs
Lair:1:   layout_gridlike, nicolae_volcano_entry_two_sided

Skill      XL: |  1  2  3  4  5  6  7  8  9 10 11 12 |
---------------+-------------------------------------+-----
Invocations    | 1 2 3 4 5 6 7 |  7.6
Short Blades   | 1 2 3 4 5 6 7 |  7.0
Long Blades    | 1 2 3 4 5 6 7 |  7.0
Axes           | 1 2 3 4 5 6 7 |  7.0
Maces & Flails | 1 2 3 4 5 6 7 |  7.0
Polearms       | 1 2 3 4 5 6 7 |  7.0
Staves         | 1 2 3 4 5 6 7 |  7.0
Ranged Weapons | 1 2 3 4 5 6 7 |  7.0
Throwing       | 1 2 3 4 5 6 7 |  7.0
Armour         | 1 2 3 4 5 6 7 |  7.0
Stealth        | 1 2 3 4 5 6 7 |  7.0
Shields        | 1 2 3 4 5 6 7 |  7.0
Spellcasting   | 1 2 3 4 5 6 7 |  7.0
Evocations     | 1 2 3 4 5 6 7 |  7.0
Conjurations   | 1 2 3 4 5 |  5.8
Hexes          | 1 2 3 4 5 |  5.8
Summonings     | 1 2 3 4 5 |  5.8
Necromancy     | 1 2 3 4 5 |  5.8
Translocations | 1 2 3 4 5 |  5.8
Transmutations | 1 2 3 4 5 |  5.8
Fire Magic     | 1 2 3 4 5 |  5.8
Ice Magic      | 1 2 3 4 5 |  5.8
Air Magic      | 1 2 3 4 5 |  5.8
Earth Magic    | 1 2 3 4 5 |  5.8
Poison Magic   | 1 2 3 4 5 |  5.8
Fighting       | 3 4 5 6 7 |  7.5
Dodging        | 5 6 7 8 |  8.4
Unarmed Combat | 7 8 9 |  9.6
Shapeshifting  | 7 8 9 |  9.2

Action                     |  1- 3 |  4- 6 |  7- 9 | 10-12 || total
---------------------------+-------+-------+-------+-------++-------
  Melee: Short sword       |    97 |    52 |       |       ||   149
         Unarmed           |     6 |    88 |       |   136 ||   230
         Bite              |     6 |    15 |    23 |    62 ||   106
         Punch             |     1 |     9 |     9 |    18 ||    37
         Dagger            |       |     5 |   253 |   284 ||   542
  Throw: Dart              |       |     3 |     6 |    14 ||    23
         Throwing net      |       |       |     4 |       ||     4
   Cast: Mephitic Cloud    |       |       |       |    10 ||    10
 Invoke: Potion Petition   |       |       |       |     1 ||     1
  Evoke: Wand              |       |     1 |     6 |    24 ||    31
    Use: Potion            |       |     2 |     2 |     5 ||     9
         Scroll            |       |     7 |     3 |     7 ||    17
   Stab: Sleeping          |     1 |     2 |     4 |     2 ||     9
         Paralysed         |       |       |     2 |       ||     2
         Invisible         |       |       |     2 |       ||     2
         Confused          |       |       |       |     9 ||     9
 Armour: Animal skin       |    43 |       |       |       ||    43
         Robe              |    12 |    91 |    91 |   102 ||   296
         Skin              |       |    11 |       |     4 ||    15
         Steam dragon scal |       |       |    22 |   211 ||   233
  Dodge: Dodged            |    61 |    76 |   143 |   334 ||   614
   Form: Flux              |       |       |       |     1 ||     1

Table legend: (Time is in decaauts)
 A = Elapsed time spent in this place.
 B = Non-inter-level travel time spent in this place.
 C = Inter-level travel time spent in this place.
 D = Time resting spent in this place.
 E = Time spent auto-exploring this place.
 F = Levels seen in this place.
 G = Mean time per level.
                   A        B        C        D        E       F      G
               +--------+--------+--------+--------+--------+-----+--------+
         Total |  10129 |   9351 |    778 |   1640 |   5084 |  11 |  920.8 |
       Dungeon |  10045 |   9294 |    751 |   1640 |   5084 |   9 | 1116.1 |
        Temple |     55 |     28 |     27 |      0 |      0 |   1 |   55.0 |
          Lair |     28 |     28 |      0 |      0 |      0 |   1 |   28.0 |
               +--------+--------+--------+--------+--------+-----+--------+

Top non-repeatable levels by time:
     D:8: 1740 daAuts
     D:7: 1687 daAuts
     D:9: 1176 daAuts
     D:1: 1145 daAuts
     D:5: 1124 daAuts
     D:3: 996 daAuts
     D:2: 803 daAuts
     D:4: 751 daAuts
     D:6: 620 daAuts
  Temple: 55 daAuts
  Lair:1: 28 daAuts
